 Dungeon Crawl Stone Soup version 0.22-a0-609-gfedc9ff (webtiles) character file.

619 Amnesiac the Skirmisher (level 7, -5/44 HPs)
             Began as a Deep Elf Wizard on July 10, 2018.
             Slain by an ogre
             ... wielding a +0 giant club
              (21 damage)
             ... on level 4 of the Dungeon.
             The game lasted 00:05:34 (4153 turns).

Amnesiac the Skirmisher (Deep Elf Wizard)           Turns: 4153, Time: 00:05:34

Health: -5/44      AC:  3    Str:  4    XL:     7   Next: 21%
Magic:  2/15       EV: 14    Int: 25    God:
Gold:   163        SH:  0    Dex: 13    Spells: 4/15 levels left

rFire    . . .     SeeInvis .   c - -2 hand axe (curse)
rCold    . . .     Gourm    .   (no shield)
rNeg     . . .     Faith    .   a - +0 robe
rPois    .         Spirit   .   f - +0 helmet
rElec    .         Reflect  .   (no cloak)
rCorr    .         Harm     .   (no gloves)
MR       .....                  (no boots)
Stlth    +++.......             (no amulet)
HPRegen  0.14/turn              q - ring of stealth
MPRegen  0.14/turn              (no ring)

@: no status effects
A: no striking features
a: no special abilities


You were on level 4 of the Dungeon.
You were not hungry.

You visited 1 branch of the dungeon, and saw 4 of its levels.
You also visited: Sewer.

You collected 163 gold pieces.

Inventory:

Hand Weapons
 c - a cursed -2 hand axe (weapon)
 l - a +0 blowgun
Missiles
 m - 25 poisoned needles
Armour
 a - a +0 robe (worn)
 f - a +0 helmet (worn)
Jewellery
 q - a ring of stealth (left hand)
Wands
 u - a wand of flame (18)
Scrolls
 b - a scroll of fear {!r}
 h - a scroll of teleportation {!r}
 k - 3 scrolls of identify {!r}
 n - a scroll of amnesia {!r, unknown}
 r - a scroll of immolation {!r, unknown}
 s - a scroll of remove curse {!r, unknown}
Potions
 e - a potion of cancellation {!q, unknown}
 g - 2 potions of flight {!q, unknown}
 i - 4 potions of agility {!q, unknown}
 j - 8 potions of curing {!q}
 o - 2 potions of heal wounds {!q}
 p - 3 potions of might {!q, unknown}
Comestibles
 d - 8 rations
 t - 2 chunks of flesh


   Skills:
 * Level 4.7 Fighting
 + Level 4.7 Dodging
 - Level 2.4 Stealth
 - Level 4.5 Spellcasting
 - Level 4.0 Conjurations
 - Level 1.1 Summonings
 - Level 1.1 Translocations


You had 4 spell levels left.
You knew the following spells:

 Your Spells              Type           Power        Failure   Level  Hunger
a - Magic Dart            Conj           ####         1%          1    None
b - Call Imp              Summ           ##......     9%          2    None
e - Mephitic Cloud        Conj/Pois/Air  ##......     16%         3    ##.....
s - Conjure Flame         Conj/Fire      ###.....     12%         3    ##.....
v - Blink                 Tloc           N/A          9%          2    None

Your spell library contained the following spells:

 Spells                   Type           Power        Failure   Level  Hunger
 Slow                     Hex            #.......     13%         2    None


Dungeon Overview and Level Annotations

Branches:
Dungeon (4/15)
 Temple: D:4-7

Altars:
Cheibriados
Xom


Message History

Casting: Magic Dart (safe; 1% risk of failure)
Confirm with . or Enter, or press ? or * to list all spells.
Aiming: Magic Dart (safe; 1% risk of failure)
Press: ? - help, Shift-Dir - straight line, f - ogre
Aim: an ogre, wielding a giant club The magic dart hits the ogre.
The ogre is lightly wounded.
Casting: Magic Dart (safe; 1% risk of failure)
Confirm with . or Enter, or press ? or * to list all spells.
Aiming: Mephitic Cloud (safe; 16% risk of failure)
Press: ? - help, Shift-Dir - straight line, f/p - ogre
Aim: an ogre, wielding a giant club (lightly wounded)
The ball explodes into a vile cloud!
The stinking cloud engulfs the ogre.
The ogre is lightly wounded.
The ogre is engulfed in noxious fumes.
Casting: Mephitic Cloud (safe; 16% risk of failure)
Confirm with . or Enter, or press ? or * to list all spells.
Aiming: Magic Dart (safe; 1% risk of failure)
Press: ? - help, Shift-Dir - straight line, f/p - ogre
Aim: an ogre, wielding a giant club (lightly wounded)
The magic dart hits the ogre.
The ogre is moderately wounded.
Casting: Magic Dart (safe; 1% risk of failure)
Confirm with . or Enter, or press ? or * to list all spells.
Aiming: Magic Dart (safe; 1% risk of failure)
Press: ? - help, Shift-Dir - straight line, f/p - ogre
Aim: an ogre, wielding a giant club (moderately wounded)
The magic dart hits the ogre.
The ogre is heavily wounded.
The ogre closely misses you.
Casting: Magic Dart (safe; 1% risk of failure)
Confirm with . or Enter, or press ? or * to list all spells.
Aiming: Magic Dart (safe; 1% risk of failure)
Press: ? - help, Shift-Dir - straight line, f/p - ogre
Aim: an ogre, wielding a giant club (heavily wounded)
The magic dart hits the ogre.
The ogre is severely wounded.
Casting: Magic Dart (safe; 1% risk of failure)
Confirm with . or Enter, or press ? or * to list all spells.
Aiming: Magic Dart (safe; 1% risk of failure)
Press: ? - help, Shift-Dir - straight line, f/p - ogre
Aim: an ogre, wielding a giant club (severely wounded)
The magic dart hits the ogre.
The ogre is almost dead.
The ogre hits you with a giant club!!
Ouch! That really hurt!
* * * LOW HITPOINT WARNING * * *
Casting: Magic Dart (safe; 1% risk of failure)
Confirm with . or Enter, or press ? or * to list all spells.
Aiming: Magic Dart (safe; 1% risk of failure)
Press: ? - help, Shift-Dir - straight line, f/p - ogre
Aim: an ogre, wielding a giant club (almost dead)
The magic dart hits the ogre.
The ogre is almost dead.
The ogre misses you.
Casting: Magic Dart (safe; 1% risk of failure)
Confirm with . or Enter, or press ? or * to list all spells.
Aiming: Magic Dart (safe; 1% risk of failure)
Press: ? - help, Shift-Dir - straight line, f/p - ogre
Aim: an ogre, wielding a giant club (almost dead)
The magic dart hits the ogre.
The ogre is almost dead.
The ogre hits you with a giant club!!
You die...

.. ############ ..
#.......... .. #
........[# .####.#
........# O.<..
#......# ...
#......# ###.#
#......####...###.#
#..[.....@O.....)...
#..).....#####......
#.).....## .##...
#.......# # ..
#......## # .
#......# ##..
#......#..>
####.#.#.#
#........#


You could see an ogre.

Vanquished Creatures
  Sigmund (D:2)
  A phantom (D:4)
  A big kobold (Sewer)
  A howler monkey (D:4)
  An orc priest (D:4)
  Robin (D:2)
  5 adders
  A river rat (D:3)
  8 oozes
  2 adder skeletons (D:4)
  A worm (D:3)
  3 dart slugs
  A leopard gecko (D:4)
  9 orcs
  11 bats
  4 giant cockroaches
  10 goblins
  4 hobgoblins
  10 jackals
  16 kobolds
  A quokka (D:4)
  8 ball pythons
  A frilled lizard (D:3)
  9 rats
110 creatures vanquished.

Vanquished Creatures (collateral kills)
  A worm (D:2)
  2 giant cockroaches (D:1)
3 creatures vanquished.

Grand Total: 113 creatures vanquished

Notes
Turn   | Place    | Note
-------+----------+-------------------------------------------
     0 | D:1      | Amnesiac the Deep Elf Wizard began the quest for the Orb.
     0 | D:1      | Reached XP level 1. HP: 10/10 MP: 7/7
    74 | D:1      | Found a runed door.
   212 | D:1      | Reached skill level 1 in Fighting
   212 | D:1      | Reached XP level 2. HP: 16/16 MP: 3/9
   222 | D:1      | Learned a level 2 spell: Blink
   225 | D:1      | Learned a level 2 spell: Call Imp
   999 | D:1      | Reached XP level 3. HP: 21/21 MP: 7/11
  1004 | D:1      | Learned a level 3 spell: Conjure Flame
  1008 | D:1      | Learned a level 3 spell: Mephitic Cloud
  1616 | D:2      | Reached XP level 4. HP: 27/27 MP: 6/12
  1809 | D:2      | Found a snail-covered altar of Cheibriados.
  1895 | D:2      | Noticed Sigmund
  2192 | D:3      | Found a deep blue altar of Sif Muna.
  2199 | D:3      | Found a bloodstained altar of Trog.
  2199 | D:3      | Found an ornate altar of the Wu Jian Council.
  2203 | D:3      | Found a shadowy altar of Dithmenos.
  2203 | D:3      | Found a shimmering altar of Xom.
  2203 | D:3      | Found a bloodstained altar of Trog.
  2264 | D:3      | Found a glowing drain.
  2324 | Sewer    | Entered a sewer
  2436 | Sewer    | Reached XP level 5. HP: 31/31 MP: 10/13
  3681 | D:2      | Noticed Robin
  3682 | D:2      | Reached XP level 6. HP: 37/37 MP: 12/14
  3714 | D:2      | Killed Robin
  3826 | D:2      | Killed Sigmund
  3961 | D:4      | Reached XP level 7. HP: 36/44 MP: 0/15
  4153 | D:4      | Slain by an ogre

Vault maps used:
D:1:      dpeg_arrival_caged_fury
D:2:      lemuel_round_altar, uniq_robin, uniq_sigmund
D:3:      doesnt_xom_only_xom, first_ration, cheibrodos_sewer_entry_sluice,
          serial_glass, glass_columns_a, glass_columns_a, glass_columns_b,
          glass_columns_a, glass_columns_b
Sewer:    kennysheep_pipe_town

Skill      XL: |  1  2  3  4  5  6 |
---------------+-------------------+-----
Fighting       | 1 2 3 4 |  4.7
Conjurations   | 2 3 4 |  4.0
Dodging        | 3 4 |  4.7
Stealth        | |  2.4
Spellcasting   | |  4.5
Summonings     | |  1.1
Translocations | |  1.1

Action                   |  1- 3 |  4- 6 |  7- 9 || total
-------------------------+-------+-------+-------++-------
Melee: Unarmed           |     6 |       |       ||     6
       Hand axe          |    11 |     2 |       ||    13
 Cast: Magic Dart        |   105 |   177 |    23 ||   305
       Call Imp          |     5 |     3 |       ||     8
       Mephitic Cloud    |       |     1 |     1 ||     2
       Conjure Flame     |       |     1 |       ||     1
  Use: Scroll            |       |     5 |       ||     5
  Eat: Chunk             |     2 |     7 |     1 ||    10
Armor: Robe              |     7 |     3 |       ||    10
Dodge: Dodged            |    54 |    32 |     3 ||    89

Table legend:
 A = Spawn XP
 B = Non-spawn XP
 C = Spawn XP percentage of total XP
 D = Spawn monster count
 E = Non-spawn monster count
 F = Spawn count percentage of total count
 G = Total turns spent on level
                    A         B        C        D         E        F      G
               +---------+---------+-------+---------+---------+-------+---------
         Total |       0 |     885 |   0.0 |       0 |     113 |   0.0 |  4153
               +---------+---------+-------+---------+---------+-------+---------
           D:1 |       0 |      74 |   0.0 |       0 |      28 |   0.0 |  1389
           D:2 |       0 |     312 |   0.0 |       0 |      24 |   0.0 |   947
           D:3 |       0 |     112 |   0.0 |       0 |      27 |   0.0 |   958
           D:4 |       0 |     246 |   0.0 |       0 |      10 |   0.0 |   244
         Sewer |       0 |     141 |   0.0 |       0 |      24 |   0.0 |   615
               +---------+---------+-------+---------+---------+-------+---------
